 Dungeon Crawl Stone Soup version 0.32-a0-361-g289a535e89 (webtiles) character file.

Game seed: 11002659947139151642

390814 grabbite the Evocator (level 23, -2/190 HPs)
             Began as a Coglin Berserker on Feb 19, 2024.
             Was a High Priest of Trog.
             Slain by Mennas
             ... wielding a +3 sacred scourge of holy wrath
              (10 damage)
             ... on level 2 of the Depths.
             The game lasted 00:51:31 (47984 turns).

grabbite the Evocator (Coglin Berserker)           Turns: 47984, Time: 00:51:31

Health: -2/190     AC: 30    Str: 40    XL:     23   Next: 9%
Magic:  7/7        EV: 18    Int:  5    God:    Trog [*****.]
Gold:   3713       SH:  0    Dex: 14    Spells: 22/22 levels left

rFire   + + .        H - +12 broad axe of the Known World {antimagic, rF+ rCorr Int-3}
rCold   + . .        Q - +9 broad axe (heavy) {Ran}
rNeg    + . .        C - +6 chain mail "Jepupreigh" {rCorr Str+6 Slay+3}
rPois   +            t - +0 mask of the Dragon {Will+ Slay+3 SInv}
rElec   +            y - +0 cloak "Nofiug" {rCorr Str+4 Int-2 SInv}
rCorr   +            B - +3 pair of gauntlets of War {Slay+5}
SInv    +            a - +2 pair of boots
Will    +++++        P - amulet of the Four Winds {rN+ Will+++ Clar} Stlth
                     I - ring of Puwycun {+Blink rElec rF+ rCorr Int+3}
HPRegen 0.51/turn    j - ring of poison resistance
MPRegen 0.10/turn

%: clarity
@: on blink cooldown, glowing, silenced, revving, stiff-legged, very slow
A: off-hand wielding, slow wielding, warmup strikes, warmup strides, horns 1,
clarity, cold resistance 1, deterioration 1, screaming 1, strong 1, subdued
magic 1
}: 2/15 runes: serpentine, barnacled
a: Renounce Religion, Evoke Blink


You were on level 2 of the Depths.
You worshipped Trog.
Trog was extremely pleased with you.
You visited 7 branches of the dungeon, and saw 37 of its levels.
You visited the Abyss 1 time.
You also visited: Sewer and Ice Cave.

You collected 4883 gold pieces.
You spent 1170 gold pieces at shops.

Inventory:

Hand Weapons
 H - the +12 broad axe of the Known World (weapon) {antimagic, rF+ rCorr Int-3}
   (Trog gifted it to you in an ice cave)

   Int-3:     It affects your intelligence (-3).
   rF+:       It protects you from fire.
   rCorr:     It protects you from acid and corrosion.
 Q - a +9 heavy broad axe (worn) {Ran}
Missiles
 S - 4 throwing nets
Armour
 a - a +2 pair of boots (worn)
 t - the +0 mask of the Dragon (worn) {Will+ Slay+3 SInv}
   (You acquired it on level 10 of the Dungeon)

   Slay+3:    It affects your accuracy & damage with ranged weapons and melee
   (+3).
   Will+:     It increases your willpower.
   SInv:      It lets you see invisible.
 y - the +0 cloak "Nofiug" (worn) {rCorr Str+4 Int-2 SInv}
   (You acquired it on level 6 of the Dungeon)

   Str+4:     It affects your strength (+4).
   Int-2:     It affects your intelligence (-2).
   SInv:      It lets you see invisible.
   rCorr:     It protects you from acid and corrosion.
 B - the +3 pair of gauntlets of War (worn) {Slay+5}
   (You acquired it on level 6 of the Dungeon)

   Slay+5:    It affects your accuracy & damage with ranged weapons and melee
   (+5).
 C - the +6 chain mail "Jepupreigh" (worn) {rCorr Str+6 Slay+3}
   (You bought it in a shop on level 5 of the Dungeon)

   Str+6:     It affects your strength (+6).
   Slay+3:    It affects your accuracy & damage with ranged weapons and melee
   (+3).
   rCorr:     It protects you from acid and corrosion.
Jewellery
 c - the ring "Meecoeni" {Will+ Dex+3}
   (You found it on level 12 of the Dungeon)

   [ring of willpower]

   Dex+3:     It affects your dexterity (+3).
   Will+:     It increases your willpower.
 j - a ring of poison resistance (right grasper)
 I - the ring of Puwycun (left grasper) {+Blink rElec rF+ rCorr Int+3}
   (You found it on level 9 of the Dungeon)

   [ring of resist corrosion]

   Int+3:     It affects your intelligence (+3).
   rF+:       It protects you from fire.
   rElec:     It insulates you from electricity.
   +Blink:    It lets you blink.
   rCorr:     It protects you from acid and corrosion.
 P - the amulet of the Four Winds (around neck) {rN+ Will+++ Clar}
   (You found it on level 3 of the Vaults)

   [amulet of nothing]

   rN+:       It protects you from negative energy.
   Will+++:   It greatly increases your willpower.
   Clar:      It protects you from confusion, rage, mesmerisation and fear.
 U - a ring of fire
 Y - a ring of willpower
Wands
 i - a wand of iceblast (37)
 k - a wand of charming (30)
 A - a wand of flame (107) (quivered)
 D - a wand of digging (5)
 L - a wand of light (9)
 M - a wand of mindburst (20)
 T - a wand of polymorph (2)
Scrolls
 b - 2 scrolls of brand weapon
 d - 3 scrolls of torment
 f - 8 scrolls of identify
 g - 4 scrolls of fear
 l - 9 scrolls of enchant armour
 m - 4 scrolls of teleportation
 n - 3 scrolls of enchant weapon
 p - 9 scrolls of noise
 r - 6 scrolls of immolation
 u - 4 scrolls of silence
 x - 2 scrolls of revelation
 J - 2 scrolls of poison
 K - 2 scrolls of vulnerability
 X - 4 scrolls of fog
Potions
 e - 8 potions of curing
 h - 4 potions of attraction
 o - 3 potions of invisibility
 q - 5 potions of mutation
 s - 5 potions of might
 v - 2 potions of haste
 w - 5 potions of magic
 E - 3 potions of ambrosia
 F - a potion of berserk rage
 G - 2 potions of cancellation
 N - 7 potions of lignification
 O - 3 potions of enlightenment
 Z - 3 potions of resistance
Miscellaneous
 z - a lightning rod (4/4)
 R - a box of beasts
 V - a phantom mirror
 W - a phial of floods


   Skills:
 - Level 18.2 Fighting
 - Level 18.0 Axes
 - Level 16.7 Armour
 - Level 16.5 Dodging
 - Level 22.4 Evocations
 + Level 13.6 Shapeshifting


You had 22 spell levels left.
You didn't know any spells.
Your spell library was empty.

Dungeon Overview and Level Annotations

Branches:
Dungeon (15/15)            Temple (0/1) D:5            Lair (5/5) D:11
 Shoals (4/4) Lair:2        Snake (4/4) Lair:2        Slime (0/5) Lair:4
    Orc (2/2) D:9             Elf (0/3) Orc:2        Vaults (4/5) D:14
  Crypt (0/3) Vaults:3     Depths (3/4) D:15          Sewer (visited)
  IceCv (visited)

Altars:
Cheibriados
Kikubaaqudgha
Makhleb
Okawaru
Qazlal
Ru
Trog
Vehumet
Xom
Beogh
Ignis
Jiyva
Lugonu

Shops:
D:5 *   D:7 ?   D:8 !   Orc:1 (   Orc:2 =(!?   Shoals:2 *   Shoals:3 (
Snake:3 =   Vaults:3 !   Depths:2 !

Portals:
Hell: Depths:1 Depths:2
Abyss: Lair:5 Depths:1
Pandemonium: Depths:2
Trove: Depths:2 (give +7 demon whip)

Annotations:
D:9 1 runed translucent door
Depths:2 Mennas


Innate Abilities, Weirdness & Mutations

You can wield a second weapon in your off-hand.
It takes a long time for you to wield or remove held weapons.
Your first few attacks do less damage.
Your first movements take longer.
You have a pair of small horns on your head.
You possess an exceptional clarity of mind.
Your flesh is cold resistant. (rC+)
Your body sometimes deteriorates upon taking damage.
You occasionally shout uncontrollably at your foes.
Your muscles are strong. (Str +4, Int/Dex -1)
Your spells are a little easier to cast, but a little less powerful.


Message History

Mennas hits you with a +3 sacred scourge of holy wrath!
The deep troll closely misses you. The deep troll claws you.
The deep troll completely misses you.
Mennas hits you with a +3 sacred scourge of holy wrath!
Mennas hits you but does no damage.
You climb upwards.
There is a stone staircase leading down here.
Mennas blocks your attack.
Your headbutt misses Mennas.
You slash the deep troll with the +12 broad axe of the Known World!
Mennas blocks your attack.
You slash the deep troll with your +9 heavy broad axe!
The deep troll bites you but does no damage.
The deep troll claws you but does no damage.
The deep troll misses you.
Mennas hits you with a +3 sacred scourge of holy wrath!!
* * * LOW HITPOINT WARNING * * *
Mennas closely misses you.
Unknown command.
You slash the deep troll with the +12 broad axe of the Known World!
You headbutt the deep troll.
The deep troll is heavily wounded.
You slice Mennas with the +12 broad axe of the Known World!!
Mennas's magic leaks into the air.
You slash the deep troll with your +9 heavy broad axe!
You hit Mennas with your +9 heavy broad axe.
The deep troll bites you!!
* * * LOW HITPOINT WARNING * * *
The deep troll claws you but does no damage.
The deep troll claws you!
* * * LOW HITPOINT WARNING * * *
Mennas hits you but does no damage. Mennas closely misses you.
The deep troll closely misses you.
The deep troll claws you but does no damage.
The deep troll claws you.
* * * LOW HITPOINT WARNING * * *
Unknown command.
Okay, then.
You blink.
Mennas barely misses you. Mennas misses you.
Mennas hits you with a +3 sacred scourge of holy wrath!
You die...

#.....≈#.[......###*###.....?|.#.
#..)...###..)))#### ####)))..###.
#(..)..[.###.).)#######))).###...
#≈)).#≈....####)'.....')####.....
..)..##..#....###.....###........
≈.##............#''#''#..........
..##.....##...§T......÷.>...##.#.
.))...#######..A.....)....#######
)#.####....#####@..>.[[#####....#
####.#.......#≈#.....≈.#≈#§..##..
#............#≈###'''###≈#(...#..
.............##≈#.....#≈##......§
.......##.....#≈##.[.##≈#≈....##≈
....#######...##≈#(.:#≈##≈..#####
.####§≈≈§§#....#≈##:##≈#§...#≈≈≈≈
##≈≈≈≈###≈##...##§###§##.(.##≈###
§≈≈#### ##§#....##≈≈≈##....#§## #


You could see Mennas (silencing, magic disrupted) and a deep troll (fast,
strong).

Vanquished Creatures
  2 dread liches (Depths:2)
  Vashnia (Snake:3)
  A golden dragon (IceCv)
  Norris (Vaults:4)
  The ghost of Drazool the Pyromancer, an adept MDFE of Cheibriados (Vaults:1)
  3 tentacled monstrosities
  2 liches
  A quicksilver dragon (Snake:4)
  5 sphinxes
  The ghost of Jeulolik the Executioner, an adept MiCK of Xom (Snake:4)
  A storm dragon (D:15)
  An Executioner (Abyss:2)
  6 tengu reavers
  10 fire giants
  3 nagarajas
  3 iron dragons (Depths:2)
  A caustic shrike zombie (Depths:2)
  6 frost giants
  A juggernaut zombie (Depths:2)
  12 vault wardens
  A ghoul (Vaults:3)
  The ghost of Duttonia the Stormcaller, a journeyman MeWn of Gozag (Shoals:1)
  7 orc warlords
  8 vampire knights
  2 spriggan defenders (Depths:2)
  12 ironbound preservers
  5 ironbound thunderhulks
  11 stone giants
  A formless jellyfish (Vaults:3)
  13 dire elephants
  A deep elf demonologist (Vaults:3)
  2 minotaurs (Vaults:1)
  4 spark wasps
  The ghost of Qoorahoc the Protected, a journeyman MiBe of Trog (Lair:2)
  12 merfolk impalers
  6 ettins
  A deep elf high priest (Vaults:3)
  6 merfolk javelineers
  9 fire dragons
  An entropy weaver (Vaults:2)
  Snorg (Orc:1)
  3 jiangshi (Depths:2)
  6 great orbs of eyes
  9 yaktaur captains
  Fannar (Lair:2)
  Erolcha (D:9)
  3 salamander tyrants (Snake:4)
  The ghost of dlwiii the Blocker, a journeyman GnFi of Makhleb (D:9)
  6 ice dragons
  6 ogre magi
  2 catoblepae
  A juggernaut simulacrum (Depths:2)
  4 hydras
  A spriggan air mage (Depths:3)
  5 vault guards
  8 rakshasas
  4 boulder beetles
  3 merfolk avatars
  13 centaur warriors
  3 alligator snapping turtles
  6 satyrs
  13 anacondas
  11 merfolk aquamancers
  18 naga warriors
  4 ironbound frosthearts
  A vampire mage (Depths:2)
  A deep troll shaman (Depths:3)
  5 tengu warriors
  5 death yaks (Lair:4)
  7 two-headed ogres
  A deep troll earth mage (D:15)
  Urug (D:12)
  11 shock serpents
  An occultist (Depths:1)
  An orc high priest (Orc:2)
  21 naga sharpshooters
  A deep elf knight (Orc:2)
  A soul eater (Depths:2)
  9 skysharks
  6 thrashing horrors
  6 hell knights
  An iron troll (Depths:3)
  Sonja (Lair:4)
  A storm dragon zombie (Depths:1)
  Nergalle (Orc:2)
  2 sixfirhies
  6 anaconda zombies (Snake:2)
  2 wretched stars (Abyss:2)
  A storm dragon skeleton (Depths:1)
  14 sea snakes
  33 deep trolls
  6 arcanists
  2 salamander mystics (Snake:2)
  2 skeletal warriors (Vaults:3)
  A shadow demon (Depths:2)
  A glowing orange brain (Abyss:2)
  2 spectral anacondas (Snake:2)
  15 mana vipers
  A deep elf archer (Vaults:1)
  2 orange crystal statues
  6 naga ritualists
  2 phantasmal warriors
  12 orc knights
  A tengu zombie (Depths:1)
  6 lindwurms
  A wolf spider zombie (D:11)
  19 ironbound convokers
  4 anaconda skeletons (Snake:2)
  3 necromancers (Depths:1)
  2 fire giant zombies
  13 harpies
  2 deep elf pyromancers
  2 deep elf zephyrmancers (Orc:2)
  25 fauns
  34 ugly things
  7 orc sorcerers (Orc:2)
  14 salamanders
  3 meliai (D:14)
  5 cyclopes
  8 elephants
  A kobold blastminer (Orc:2)
  5 large abominations
  12 manticores
  A spectral shock serpent (Snake:4)
  A fire giant skeleton (Depths:1)
  5 guardian serpents
  2 moths of wrath (Lair:2)
  10 merfolk sirens
  A stone giant skeleton (Depths:1)
  16 vault sentinels
  A meliai (shapeshifter) (D:9)
  17 naga magi
  4 centaur zombies (D:11)
  A manticore (shapeshifter) (Lair:5)
  4 smoke demons (Lair:5)
  45 black mambas
  A titan simulacrum (Abyss:2)
  3 water nymphs
  A torpor snail (Lair:2)
  An orange demon (Abyss:2)
  A rime drake (Lair:5)
  10 cane toads
  8 storm dragon simulacra (IceCv)
  23 yaktaurs
  2 gargoyles (D:13)
  A centaur skeleton (D:11)
  3 spriggan zombies
  3 kobold demonologists
  A freezing wraith (Vaults:3)
  6 anaconda simulacra (Snake:2)
  An efreet (D:13)
  11 komodo dragons
  7 trolls
  3 golden dragon simulacra (IceCv)
  33 merfolk
  7 hornets
  4 tengu conjurers
  14 blink frogs
  2 hellwings (D:11)
  4 wind drakes
  5 raiju
  8 snapping turtles
  8 dream sheep
  A spectral black mamba (Snake:4)
  9 spriggans
  An ettin skeleton (Depths:1)
  36 yaks
  2 shadows (D:12)
  2 spriggan skeletons (Depths:1)
  22 slime creatures
  16 water elementals
  A ynoxinul (Lair:5)
  3 wyverns
  A shock serpent simulacrum (Snake:4)
  2 wraiths
  11 basilisks
  A yak (shapeshifter) (D:15)
  6 golden eyes (Abyss:2)
  2 redbacks (Vaults:2)
  6 vampire mosquitoes
  3 wargs
  Menkaure (D:4)
  4 steam dragons
  47 nagas
  5 acid dragons
  14 water moccasins
  A swamp drake (D:9)
  A spectral naga (Snake:4)
  13 orc warriors
  2 black bears
  8 ogres
  2 ice dragon simulacra (IceCv)
  2 laughing skulls (D:15)
  5 wolves (Lair:1)
  A boggart (Vaults:3)
  19 centaurs
  A phantom (D:7)
  14 bullfrogs
  13 kobold brigands
  2 gnoll sergeants
  8 small abominations
  3 scorpions
  7 wights
  5 lindwurm simulacra (IceCv)
  16 killer bees
  10 howler monkeys
  2 electric eels
  A bombardier beetle (D:5)
  5 hounds
  3 quasits
  15 orc priests
  7 jellies
  A sleepcap (D:6)
  Jessica (D:3)
  3 iguanas
  28 orc wizards
  Natasha (thrice) (D:4)
  5 hell rats (Lair:4)
  Robin (D:2)
  6 adders
  13 gnolls
  4 river rats (Lair:4)
  6 naga simulacra (Snake:4)
  8 shadow imps
  2 white imps
  6 ufetubi
  4 dart slugs
  2 ribbon worms
  58 orcs
  10 ball pythons
  5 endoplasms
  9 giant cockroaches
  19 goblins
  3 hobgoblins
  5 quokkas
  4 bats
  2 frilled lizards (D:2)
  31 kobolds
  A kobold zombie (Sewer)
  10 rats
1549 creatures vanquished.

Vanquished Creatures (collateral kills)
  2 ice dragons (IceCv)
  2 salamanders
  A naga mage (Snake:2)
  A golden dragon simulacrum (IceCv)
  An ice dragon simulacrum (IceCv)
  A lindwurm simulacrum (IceCv)
8 creatures vanquished.

Vanquished Creatures (others)
  2 orc wizards (Orc:2)
  A giant cockroach zombie (Sewer)
3 creatures vanquished.

Grand Total: 1560 creatures vanquished

Notes
Turn   | Place    | Note
-------+----------+-------------------------------------------
     0 | D:1      | grabbite the Coglin Berserker began the quest for the Orb.
     0 | D:1      | Reached XP level 1. HP: 18/18 MP: 1/1
   165 | D:1      | Reached XP level 2. HP: 24/24 MP: 2/2
   729 | D:1      | Reached XP level 3. HP: 29/29 MP: 3/3
  1037 | D:2      | Found a radiant altar of Vehumet.
  1078 | D:2      | Reached XP level 4. HP: 34/35 MP: 4/4
  1081 | D:2      | Reached skill level 5 in Axes
  1115 | D:2      | Reached ** piety under Trog
  1120 | D:2      | Reached XP level 5. HP: 32/41 MP: 5/5
  1124 | D:2      | Noticed Robin
  1136 | D:2      | Killed Robin
  1532 | D:2      | Identified the +7 falchion of Income {protect, rElec
                  | Will+++ Str+2 Int-2}
  1548 | D:2      | Found a faded altar of an unknown god.
  1733 | D:3      | Found a stormy altar of Qazlal.
  1967 | D:3      | Found a glowing drain.
  1971 | Sewer    | Entered a sewer
  1988 | Sewer    | Reached *** piety under Trog
  1989 | Sewer    | Reached XP level 6. HP: 47/47 MP: 6/6
  2177 | Sewer    | Found a burning altar of Makhleb.
  2531 | D:3      | Reached XP level 7. HP: 52/52 MP: 7/7
  2567 | D:3      | Noticed Jessica
  2575 | D:3      | Killed Jessica
  2879 | D:4      | Noticed Menkaure
  2885 | D:4      | Killed Menkaure
  3355 | D:4      | Noticed Natasha
  3360 | D:4      | Killed Natasha
  3555 | D:4      | Noticed Natasha
  3563 | D:4      | Killed Natasha
  3804 | D:4      | Noticed Natasha
  3810 | D:4      | Killed Natasha
  4289 | D:5      | Entered Level 5 of the Dungeon
  4297 | D:5      | Reached XP level 8. HP: 58/58 MP: 8/8
  4361 | D:5      | Found a bloodstained altar of Trog.
  4368 | D:5      | Reached **** piety under Trog
  4425 | D:5      | Found a sacrificial altar of Ru.
  4465 | D:5      | Reached skill level 10 in Axes
  4553 | D:5      | Reached skill level 1 in Evocations
  4684 | D:5      | Found Avvu's Assorted Antiques.
  4692 | D:5      | Bought a pitted chain mail for 237 gold pieces
  4692 | D:5      | Identified the +6 chain mail "Jepupreigh" {rCorr Str+6
                  | Slay+3} (You bought it in a shop on level 5 of the Dungeon)
  4755 | D:5      | Found a staircase to the Ecumenical Temple.
  4886 | D:5      | Reached skill level 2 in Evocations
  4990 | D:5      | Found a burning altar of Makhleb.
  5399 | D:6      | Found an ancient bone altar of Kikubaaqudgha.
  5437 | D:6      | Reached XP level 9. HP: 65/65 MP: 9/9
  5460 | D:6      | Reached skill level 3 in Evocations
  6084 | D:6      | Identified 2 scrolls of acquirement
  6084 | D:6      | Acquired the +0 cloak "Nofiug" {rCorr Str+4 Int-2 SInv}
  6090 | D:6      | Acquired the +3 pair of gauntlets of War {Slay+5}
  6090 | D:6      | Found the +3 pair of gauntlets of War {Slay+5}
  6169 | D:7      | Found an iron altar of Okawaru.
  6175 | D:7      | Identified the +6 mace of Floods {speed, rF++ rC+}
  6552 | D:7      | Found Rumof's Magic Scroll Shop.
  6602 | D:7      | Reached skill level 4 in Evocations
  7016 | D:7      | Noticed a two-headed ogre
  7023 | D:7      | Killed a two-headed ogre
  7024 | D:7      | Reached skill level 5 in Fighting
  7024 | D:7      | Reached skill level 5 in Evocations
  7024 | D:7      | Reached XP level 10. HP: 72/74 MP: 10/10
  7191 | D:5      | Bought a pair of embroidered boots for 187 gold pieces
  7260 | D:8      | Found Yrukasez's Distillery.
  7916 | D:9      | Reached skill level 6 in Evocations
  8011 | D:9      | Noticed Erolcha
  8012 | D:9      | Reached ***** piety under Trog
  8019 | D:9      | Reached skill level 5 in Armour
  8024 | D:9      | Reached skill level 5 in Dodging
  8024 | D:9      | Killed Erolcha
  8025 | D:9      | Reached skill level 7 in Evocations
  8025 | D:9      | Reached XP level 11. HP: 62/82 MP: 11/11
  8034 | D:9      | Found a staircase to the Orcish Mines.
  8393 | D:9      | Found a runed translucent door.
  8439 | D:9      | Paralysed by a hornet for 2 turns
  8641 | D:9      | Received a gift from Trog
  8653 | D:9      | HP: 4/83 [poisoned by a gnoll]
  8920 | D:9      | Found a runed translucent gate.
  8920 | D:9      | Found a runed translucent gate.
  8920 | D:9      | Noticed dlwiii's ghost (journeyman GnFi)
  8922 | D:9      | Found a runed translucent gate.
  9046 | D:9      | Noticed a catoblepas
  9050 | D:9      | Killed a catoblepas
  9104 | D:9      | Noticed a manticore
  9111 | D:9      | Killed a manticore
  9111 | D:9      | Noticed a five-headed hydra
  9111 | D:9      | Noticed a red ugly thing
  9112 | D:9      | Reached skill level 8 in Evocations
  9257 | D:9      | Killed a red ugly thing
  9300 | D:9      | Killed a 12-headed hydra
  9480 | D:9      | Identified the ring of the Burning Messenger {*Slow rC-
                  | rN+++ Will+ AC+4}
  9480 | D:9      | Noticed a rakshasa
  9484 | D:9      | Killed a rakshasa
  9514 | D:9      | Identified the ring "Rinog" {MP+9 Int+2 Dex+6}
  9571 | D:9      | Identified the ring of Puwycun {+Blink rElec rF+ rCorr
                  | Int+3}
  9583 | D:9      | Identified the ring "Yxyuvori" {Ice SInv Stlth+}
  9671 | D:9      | Found a snail-covered altar of Cheibriados.
  9791 | D:9      | Noticed a manticore
  9795 | D:9      | Killed a manticore
  9825 | D:9      | Reached XP level 12. HP: 85/91 MP: 12/12
  9833 | D:9      | Killed dlwiii's ghost
 10006 | D:5      | Bought a yellow potion for 22 gold pieces
 10006 | D:5      | Bought a metallic black potion for 22 gold pieces
 10006 | D:5      | Bought a sapphire potion for 22 gold pieces
 10093 | D:10     | Entered Level 10 of the Dungeon
 10133 | D:10     | Noticed a two-headed ogre
 10137 | D:10     | Killed a two-headed ogre
 10284 | D:10     | Reached skill level 9 in Evocations
 10973 | D:10     | Noticed a two-headed ogre
 10978 | D:10     | Killed a two-headed ogre
 11016 | D:10     | Acquired a +1 vampiric broad axe
 11017 | D:10     | Acquired the +0 mask of the Dragon {Will+ Slay+3 SInv}
 11017 | D:10     | Found the +0 mask of the Dragon {Will+ Slay+3 SInv}
 11482 | D:11     | Found a staircase to the Lair.
 11793 | D:12     | Identified the ring "Meecoeni" {Will+ Dex+3}
 11890 | D:12     | Noticed a two-headed ogre
 11894 | D:12     | Killed a two-headed ogre
 11910 | D:12     | Noticed Urug
 11915 | D:12     | Reached skill level 10 in Evocations
 11918 | D:12     | Killed Urug
 11919 | D:12     | Reached XP level 13. HP: 78/99 MP: 13/13
 12175 | Lair:1   | Entered Level 1 of the Lair of Beasts
 12244 | Lair:1   | Reached skill level 15 in Axes
 12250 | Lair:1   | Identified the +5 trident "Riethradwo" {antimagic, Int+3}
 12293 | Lair:1   | Found a shimmering altar of Xom.
 13181 | Lair:2   | Found a transporter.
 13182 | Lair:2   | Noticed Qoorahoc's ghost (journeyman MiBe)
 13189 | Lair:2   | Found a transporter.
 13248 | Lair:2   | Found a bloodstained altar of Trog.
 13377 | Lair:2   | Found a staircase to the Snake Pit.
 13434 | Lair:2   | Noticed Fannar
 13440 | Lair:2   | Killed Fannar
 13551 | Lair:2   | Found a staircase to the Shoals.
 14145 | Lair:2   | Killed Qoorahoc's ghost
 14151 | Lair:2   | Reached skill level 11 in Evocations
 14259 | Lair:2   | Identified the +12 war axe "Inuw" {drain, rF+ Str+3}
 15152 | Lair:4   | Found a staircase to the Slime Pits.
 15153 | Lair:4   | Found a viscous altar of Jiyva.
 15202 | Lair:4   | Reached XP level 14. HP: 109/109 MP: 14/14
 15206 | Lair:4   | Received a gift from Trog
 15213 | Lair:4   | Reached skill level 10 in Fighting
 15408 | Lair:4   | You fall into a shaft and drop 1 floor!
 15408 | Lair:5   | Entered Level 5 of the Lair of Beasts
 15605 | Lair:5   | Reached skill level 12 in Evocations
 15890 | Lair:5   | Received a gift from Trog
 16066 | Abyss:2  | Cast into level 2 of the Abyss (spriggan)
 16161 | Abyss:2  | Found a corrupted altar of Lugonu.
 16192 | Abyss:2  | Noticed an Executioner
 16198 | Abyss:2  | Killed an Executioner
 16305 | Abyss:2  | Noticed a quicksilver dragon
 16307 | Lair:5   | Escaped the Abyss
 16312 | Lair:5   | Reached ****** piety under Trog
 16313 | Lair:5   | Reached XP level 15. HP: 36/117 MP: 15/15
 16609 | Lair:5   | Reached skill level 13 in Evocations
 16616 | Lair:5   | Found a corrupted altar of Lugonu.
 16616 | Lair:5   | Found a one-way gate to the infinite horrors of the Abyss.
 17092 | Lair:4   | Noticed Sonja
 17100 | Lair:4   | Killed Sonja
 17944 | Orc:1    | Entered Level 1 of the Orcish Mines
 17982 | Orc:1    | Noticed Snorg
 17985 | Orc:1    | Killed Snorg
 18040 | Orc:1    | Found a bloodstained altar of Trog.
 18072 | Orc:1    | Reached skill level 10 in Armour
 18221 | Orc:1    | Found Woar's Antique Weapon Boutique.
 18229 | Orc:1    | Received a gift from Trog
 18428 | Orc:2    | Entered Level 2 of the Orcish Mines
 18436 | Orc:2    | Noticed an orc warlord
 18440 | Orc:2    | Noticed an orc warlord
 18602 | Orc:2    | Killed an orc warlord
 18603 | Orc:2    | Killed an orc warlord
 18604 | Orc:2    | Identified the +8 scimitar "Plog" {freeze, rN+ MP+9 Int-4}
 19005 | Orc:2    | Received a gift from Trog
 19133 | Orc:2    | Paralysed by an orc sorcerer for 2 turns
 19215 | Orc:2    | Found Annot's Jewellery Emporium.
 19221 | Orc:2    | Reached skill level 10 in Dodging
 19273 | Orc:2    | Noticed Nergalle
 19274 | Orc:2    | Found an ancient bone altar of Kikubaaqudgha.
 19278 | Orc:2    | Killed Nergalle
 19283 | Orc:2    | Found Tuwnoafo's Antique Weapon Shoppe.
 19291 | Orc:2    | Found a roughly hewn altar of Beogh.
 19291 | Orc:2    | Found Fetuxtesk's Magic Scroll Emporium.
 19302 | Orc:2    | Gained mutation: Your magical capacity is low. (-10% MP) [a
                  | neqoxec]
 19310 | Orc:2    | Lost mutation: Your magical capacity is low. (-10% MP)
                  | [potion of mutation]
 19310 | Orc:2    | Gained mutation: You have hidden genetic potential. [potion
                  | of mutation]
 19310 | Orc:2    | Gained mutation: Your muscles are strong. (Str +4, Int/Dex
                  | -1) [potion of mutation]
 19310 | Orc:2    | Gained mutation: You have a pair of small horns on your
                  | head. [potion of mutation]
 19348 | Orc:2    | Found a radiant altar of Vehumet.
 19366 | Orc:2    | Found Sofucoe's Distillery.
 19490 | Orc:2    | Found a staircase to the Elven Halls.
 20217 | D:13     | You fall into a shaft and drop 1 floor!
 20579 | D:13     | Reached skill level 14 in Evocations
 20791 | D:14     | Reached XP level 16. HP: 127/127 MP: 16/16
 21226 | D:14     | Found a gate to the Vaults.
 21343 | D:14     | Identified the blade talisman of an ice cave {rF- rC+ Str+2
                  | SInv}
 21584 | D:15     | Entered Level 15 of the Dungeon
 21710 | D:15     | Noticed a storm dragon
 21721 | D:15     | Killed a storm dragon
 21748 | D:15     | Found a staircase to the Depths.
 21947 | D:15     | Received a gift from Trog
 22144 | D:15     | Reached skill level 15 in Evocations
 22478 | Snake:1  | Entered Level 1 of the Snake Pit
 22506 | Lair:2   | Gained mutation: You possess an exceptional clarity of
                  | mind. [hidden potential]
 23806 | Snake:1  | You fall into a shaft and drop 1 floor!
 23807 | Snake:2  | Found a glacial archway.
 23817 | IceCv    | Entered an ice cave
 24129 | IceCv    | Reached XP level 17. HP: 136/136 MP: 17/17
 24474 | IceCv    | Noticed a golden dragon
 24490 | IceCv    | Killed a golden dragon
 24562 | IceCv    | Identified the ring of Loeqoij {Ice Will- rCorr Slay+3}
 24647 | IceCv    | Identified the +12 broad axe of the Known World {antimagic,
                  | rF+ rCorr Int-3} (Trog gifted it to you in an ice cave)
 24647 | IceCv    | Received a gift from Trog
 24784 | Snake:2  | Reached skill level 16 in Evocations
 25191 | Snake:2  | Gained mutation: Your flesh is cold resistant. (rC+)
                  | [hidden potential]
 25191 | Snake:2  | Lost mutation: You have hidden genetic potential. [hidden
                  | potential expressed]
 25233 | Snake:2  | Received a gift from Trog
 26111 | Snake:3  | Reached skill level 17 in Evocations
 26479 | Snake:4  | Entered Level 4 of the Snake Pit
 26483 | Snake:3  | Noticed Vashnia
 27012 | Snake:3  | Reached XP level 18. HP: 136/146 MP: 6/18
 27441 | Snake:3  | Found Redd's Jewellery Shoppe.
 27742 | Snake:3  | Killed Vashnia
 29071 | Snake:4  | Found a runed translucent gate.
 29071 | Snake:4  | Found a runed translucent gate.
 29071 | Snake:4  | Found a runed translucent gate.
 29071 | Snake:4  | Noticed Jeulolik's ghost (adept MiCK)
 29128 | Snake:4  | Received a gift from Trog
 29270 | Snake:4  | Reached skill level 18 in Evocations
 30285 | Snake:4  | Reached skill level 15 in Fighting
 30707 | Snake:4  | Noticed a quicksilver dragon
 30710 | Snake:4  | Killed a quicksilver dragon
 30722 | Snake:4  | Got a serpentine rune of Zot
 30937 | Snake:4  | Killed Jeulolik's ghost
 31441 | Vaults:1 | Entered Level 1 of the Vaults
 31503 | Vaults:1 | Received a gift from Trog
 31673 | Vaults:1 | Reached XP level 19. HP: 129/155 MP: 6/19
 32634 | Vaults:1 | Reached skill level 19 in Evocations
 32807 | Vaults:1 | Found a runed translucent gate.
 32807 | Vaults:1 | Found a runed translucent gate.
 32807 | Vaults:1 | Found a runed translucent gate.
 32809 | Vaults:1 | Noticed Drazool's ghost (adept MDFE)
 33095 | Vaults:1 | Identified the +9 demon blade "Roygoss" {freeze, Will+}
 33102 | Vaults:1 | Identified the +1 dagger of the Horn {elec, rPois}
 33105 | Vaults:1 | Found an iron altar of Okawaru.
 33111 | Vaults:1 | Killed Drazool's ghost
 33706 | Vaults:2 | Received a gift from Trog
 34689 | Vaults:2 | Noticed a tentacled monstrosity
 34692 | Vaults:2 | Killed a tentacled monstrosity
 35121 | Vaults:3 | Reached skill level 20 in Evocations
 35123 | Vaults:3 | Reached XP level 20. HP: 135/165 MP: 6/20
 35154 | Vaults:3 | HP: 6/166 [vault warden/+0 war axe of venom (20)]
 35160 | Vaults:3 | HP: 11/249 [yaktaur (7)]
 35538 | Vaults:3 | Found Emistrij's Distillery.
 35568 | Vaults:3 | Reached skill level 15 in Armour
 35647 | Vaults:3 | Received a gift from Trog
 36109 | Vaults:3 | Reached skill level 15 in Dodging
 36499 | Vaults:3 | Received a gift from Trog
 36923 | Vaults:3 | Found the +27 heavy crossbow "Sniper" {heavy, Acc+∞ SInv}
 36927 | Vaults:3 | Found the amulet of the Four Winds {rN+ Will+++ Clar}
 36931 | Vaults:3 | Reached skill level 21 in Evocations
 36971 | Vaults:3 | Identified the +9 quarterstaff "Puujano Fade" {freeze, rN+}
 37316 | Vaults:3 | Found a staircase to the Crypt.
 37788 | Vaults:4 | Noticed Norris
 37808 | Vaults:4 | Killed Norris
 37809 | Vaults:4 | Reached XP level 21. HP: 74/174 MP: 0/21
 37820 | Vaults:4 | Received a gift from Trog
 38385 | Shoals:1 | Entered Level 1 of the Shoals
 38788 | Shoals:1 | Found a runed translucent door.
 38788 | Shoals:1 | Noticed Duttonia's ghost (journeyman MeWn)
 39003 | Shoals:1 | Killed Duttonia's ghost
 39153 | Shoals:2 | Identified the +1 morningstar of Pompig {venom, ^Drain
                  | Str+3 Dex+6}
 39223 | Shoals:2 | Found Ynnua's Gadget Gallery.
 39249 | Shoals:2 | HP: 13/262 [satyr/arrow (17)]
 39533 | Shoals:2 | Bought a lightning rod (4/4) for 680 gold pieces
 40252 | Shoals:3 | Identified the +5 war axe of Symmetry {heavy, Fly rElec
                  | Str-2 Stlth+} (Trog gifted it to you on level 3 of the
                  | Shoals)
 40252 | Shoals:3 | Received a gift from Trog
 40555 | Shoals:3 | Found Giasyeso's Antique Weapon Shop.
 41034 | Shoals:3 | Identified the +2 leather armour of Lugonu, Kissing {^Drain
                  | rC+ Dex+2}
 41321 | Shoals:3 | Reached skill level 22 in Evocations
 41442 | Shoals:4 | Entered Level 4 of the Shoals
 42069 | Shoals:4 | Received a gift from Trog
 42514 | Shoals:4 | Got a barnacled rune of Zot
 43539 | Depths:1 | Entered Level 1 of the Depths
 43542 | Depths:1 | Reached skill level 1 in Shapeshifting
 43545 | Depths:1 | Reached XP level 22. HP: 183/184 MP: 7/22
 43768 | Depths:1 | Identified the +3 broad axe of Cruel Justice {flame, Will++
                  | rCorr Int-4} (Trog gifted it to you on level 1 of the
                  | Depths)
 43768 | Depths:1 | Received a gift from Trog
 43835 | Depths:1 | Reached skill level 5 in Shapeshifting
 43861 | Depths:1 | Found a gateway to Hell.
 43872 | Depths:1 | Gained mutation: Your body sometimes deteriorates upon
                  | taking damage. [mutagenic glow]
 43880 | Depths:1 | Gained mutation: You occasionally shout uncontrollably at
                  | your foes. [mutagenic glow]
 43904 | Depths:1 | Gained mutation: Your spells are a little easier to cast,
                  | but a little less powerful. [mutagenic glow]
 44776 | Depths:2 | Found Zuax's Distillery.
 44795 | Depths:2 | Found a one-way gate leading to the halls of Pandemonium.
 45645 | Depths:2 | Reached skill level 10 in Shapeshifting
 45971 | Depths:2 | Received a gift from Trog
 46439 | Depths:2 | Found a portal to a secret trove of treasure.
 46725 | Depths:2 | Noticed a dread lich
 46725 | Depths:2 | Noticed a dread lich
 46730 | Depths:2 | Killed a dread lich
 46739 | Depths:2 | Killed a dread lich
 47137 | Depths:2 | Reached XP level 23. HP: 92/190 MP: 7/23
 47301 | Depths:2 | Received a gift from Trog
 47494 | Depths:2 | Found Jatil's Magic Scroll Boutique.
 47692 | Depths:2 | Found a candlelit altar of Ignis.
 47724 | Depths:2 | Identified the +5 fire dragon scales of Subjectivity {rPois
                  | rF++ rC- rN++ Regen+ Stlth-}
 47968 | Depths:3 | Noticed Mennas
 47983 | Depths:2 | HP: 8/190 [deep troll (5)]
 47984 | Depths:2 | Slain by Mennas

Illustrated notes

Levels and vault maps discovered:
D:1:      ncdulo_lavacross, layout_loops_corners
D:2:      layout_rooms, basic_altar,
          dreamdust_ecumenical_altar_hidden_monk_grotto, nicolae_titane,
          uniq_robin
D:3:      layout_rooms, overflow_temple_1_default, gup_sewer_entry_bowl,
          kennysheep_generic_room_10, uniq_jessica
D:4:      layout_basic, uniq_menkaure, uniq_natasha
D:5:      layout_basic, trog_three_pillars_becter, kennysheep_mini_moat,
          lemuel_tele_altar, minmay_temple_entry_mini_moons, serial_shops, shop,
          chequers_serial_rivers_small_a
D:6:      layout_basic, mainiacjoe_overflow_six_doors_small,
          hangedman_decor_clover_reticule, nicolae_figureground_sparkle
D:7:      minmay_octagon_keep, layout_loops_corners, okawaru_ov_weapons_minmay,
          serial_shops, shop
D:8:      layout_gridville, serial_shops, shop
D:9:      minmay_the_grid_triangle_9x9_rhombus_thin
          [minmay_the_grid_triangle_9x9_from_above,
          minmay_the_grid_triangle_9x9_prize_special,
          minmay_the_grid_triangle_9x9_stretched_checkered,
          minmay_the_grid_triangle_9x9_subtriangle], layout_basic,
          nicolae_overflow_crystal_walls, erik_orc_1,
          gammafunk_ghost_nasty_kobolds, uniq_erolcha
D:10:     layout_basic, minmay_statue_bubble
D:11:     cheibrodos_grave_circle, layout_loops_ring, lair_entry_dummy
D:12:     layout_cross, uniq_urug
D:13:     layout_long_grid
D:14:     layout_loops_ring, david_vaults_2, kennysheep_boxes, minivault_19
D:15:     hellmonk_depths_entry_around_the_bend, layout_rooms,
          minmay_misc_feat_encased
Lair:1:   layout_roguey, basic_altar
Lair:2:   layout_gridlike, elwin_shoals_entry_rocks, alex1729_snake_entry_snake,
          gammafunk_ghost_wrathful_warriors, nicolae_quartered_pool_little,
          minmay_holes, columned_hall_lemuel, uniq_fannar
Lair:3:   layout_cave_pods
Lair:4:   layout_misc_corridors, minmay_slime_entry_pillars,
          kennysheep_abandoned_house, uniq_sonja
Lair:5:   hellmonk_lair_end_abyssal_woods, layout_loops_ring,
          grunt_forest_small_clearing_treed, grunt_megastairs_4,
          serial_bayou_shore_a, infiniplex_staircase_pool_2
Shoals:1: layout_shoals, gammafunk_ghost_grave
Shoals:2: cheibrodos_shoals_satyrical_garden, layout_shoals,
          nicolae_shop_gadgets
Shoals:3: cheibrodos_shoals_oceanic_diplomacy, layout_shoals,
          nicolae_take_the_stairs, nicolae_shoals_lost_giant_amphitheater
Shoals:4: shoals_end_grunt_ice, layout_shoals
Snake:1:  layout_basic, evilmike_ambush [evilmike_ambush_outer_pillars,
          evilmike_ambush_inner_basic], grunt_megastairs_5
Snake:2:  layout_honeycomb, portal_ice_cave_entry_pillars_three,
          nicolae_snake_dead_anacondas
Snake:3:  layout_onion, serial_bayou, serial_bayou_pond_e, serial_bayou_pond_d,
          serial_bayou_crossing, serial_bayou_pond_c, serial_bayou_pond_d,
          serial_shops, nicolae_shop_tiny_waterfront, nicolae_snake_shapes,
          uniq_vashnia
Snake:4:  hellmonk_snake_rune_quicksilver_temple, layout_cave_town,
          gammafunk_ghost_necromancy, guppyfry_snake_island
Orc:1:    layout_caves, basic_altar, serial_shops, nicolae_shop_stone,
          uniq_snorg
Orc:2:    kennysheep_orc_mage_school, layout_caves, elf_legates
Vaults:1: gammafunk_ghost_fury_of_okawaru, hangedman_vaults_snaps,
          nicolae_vaults_circle_grid_a, grunt_vaults_swirl,
          nicolae_vaults_tetromino_Z_1, nicolae_vaults_tetromino_L_2,
          layout_vaults_quadrants
Vaults:2: ontoclasm_vaults_shuriken, grunt_vaults_hallway_long,
          hangedman_vaults_trim, vaults_dpeg_hooks, vaults_standard_mumra_lines,
          hangedman_vaults_locks, v_pattern_5, nicolae_vaults_angled_halls,
          ontoclasm_vaults_decontamination, v_misc_3,
          nicolae_vaults_stepped_doors, dpeg_vaults_hating_casters,
          layout_vaults_omnicross
Vaults:3: nicolae_vaults_closet_pinwheel_2, minmay_crypt_entry_simple_sparse,
          v_misc_27, ontoclasm_vaults_ring_small,
          minmay_guarded_unrand_secular_launcher,
          nicolae_vaults_storage_closets_2, ontoclasm_vaults_pinch, v_pattern_3,
          vaults_mumra_chevron, nicolae_vaults_mini_display_case,
          nicolae_vaults_border_crossing, layout_vaults_ring, serial_shops, shop
Vaults:4: ontoclasm_vaults_hangar, nicolae_vaults_yaktaur_gun_rack, v_misc_8,
          ontoclasm_vaults_misaligned, nicolae_vaults_shipping_containers_5,
          nicolae_vaults_apartment_1, hangedman_vaults_restitches, v_pattern_1,
          nicolae_vaults_tangram_2, v_misc_13, nicolae_vaults_circle_grid_b,
          nicolae_vaults_trapezoid_lopsided_1, nicolae_vaults_tetromino_L_1,
          nicolae_vaults_storage_room_water, layout_vaults_omnibox,
          serial_shops, nicolae_shop_competitors_out_of_business, uniq_norris,
          uniq_xtahua
Depths:1: layout_basic, hell_entry, chequers_big_river, abyss_entry,
          ebering_dispersal_statue_hall, kennysheep_windowed_goal
Depths:2: regret_index_infernal_bastille, layout_basic, serial_shops, shop,
          nicolae_shop_rolled_up, grunt_pan_entry_spiral, hell_entry,
          nicolae_trove_entry_crossroad
Depths:3: grunt_arcs, layout_cave_pools, enter_ziggurat_d, abyss_entry,
          serial_sigils_hangedman_gut, hell_entry, uniq_mennas

Skill      XL: |  1  2  3  4  5  6  7  8  9 10 11 12 13 14 15 16 17 18 19 20 21 22 |
---------------+-------------------------------------------------------------------+-----
Axes           | 4 5 6 7 9 10 11 12 13 14 16 17 18 | 18.0
Armour         | 2 4 5 6 7 8 9 10 11 12 13 14 15 16 | 16.7
Dodging        | 2 4 5 6 7 8 9 10 11 12 13 14 15 16 | 16.5
Evocations     | 2 5 7 8 10 11 12 14 15 17 18 20 21 22 | 22.4
Fighting       | 5 6 7 8 9 10 11 13 14 15 16 17 18 | 18.2
Shapeshifting  | 1 13 | 13.6

Action                     |  1- 3 |  4- 6 |  7- 9 | 10-12 | 13-15 | 16-18 | 19-21 | 22-24 || total
---------------------------+-------+-------+-------+-------+-------+-------+-------+-------++-------
  Melee: Hand axe          |    38 |   152 |   180 |    16 |       |       |       |       ||   386
         War axe           |    33 |   160 |   188 |   372 |   394 |   131 |       |       ||  1278
         Broad axe         |       |       |       |    41 |   366 |   651 |  1022 |   400 ||  2480
         Headbutt          |       |       |       |       |    17 |   116 |   150 |    71 ||   354
 Invoke: Berserk           |       |       |     2 |     4 |     3 |     3 |    11 |     1 ||    24
         Brothers in Arms  |       |       |       |     2 |       |     6 |       |       ||     8
         Trog's Hand       |       |       |       |       |     1 |     6 |     8 |     1 ||    16
Ability: Evoke Blink       |       |       |       |       |       |       |       |     1 ||     1
  Evoke: Wand              |       |       |       |     4 |       |       |     4 |       ||     8
    Use: Scroll            |     1 |     7 |     3 |     4 |     7 |    17 |     6 |     5 ||    50
         Potion            |       |       |       |     8 |     1 |    12 |     5 |     2 ||    28
   Stab: Sleeping          |     1 |       |       |       |       |       |       |       ||     1
         Distracted        |       |       |       |       |     1 |     1 |     1 |     1 ||     4
 Armour: Animal skin       |    12 |       |       |       |       |       |       |       ||    12
         Chain mail        |    19 |   202 |   143 |   343 |   335 |   646 |   781 |   278 ||  2747
  Dodge: Dodged            |    32 |   111 |    69 |   224 |   275 |   501 |   619 |   184 ||  2015

Table legend: (Time is in decaauts)
 A = Elapsed time spent in this place.
 B = Non-inter-level travel time spent in this place.
 C = Inter-level travel time spent in this place.
 D = Time resting spent in this place.
 E = Time spent auto-exploring this place.
 F = Levels seen in this place.
 G = Mean time per level.
                   A        B        C        D        E       F      G
               +--------+--------+--------+--------+--------+-----+--------+
         Total |  50002 |  46883 |   3119 |   1537 |  38525 |  40 | 1250.1 |
       Dungeon |  15132 |  13467 |   1665 |    135 |  11384 |  15 | 1008.8 |
          Lair |   6103 |   5631 |    472 |     52 |   4855 |   5 | 1220.6 |
        Shoals |   5542 |   5355 |    187 |    249 |   4289 |   4 | 1385.5 |
     Snake Pit |   7790 |   7607 |    183 |      0 |   6381 |   4 | 1947.5 |
  Orcish Mines |   2035 |   1922 |    113 |    288 |   1370 |   2 | 1017.5 |
        Vaults |   7071 |   6786 |    285 |    811 |   5175 |   4 | 1767.8 |
        Depths |   4529 |   4319 |    210 |      0 |   3714 |   3 | 1509.7 |
         Abyss |    249 |    249 |      0 |      0 |    153 |   1 |  249.0 |
         Sewer |    550 |    550 |      0 |      0 |    378 |   1 |  550.0 |
      Ice Cave |    997 |    997 |      0 |      0 |    823 |   1 |  997.0 |
               +--------+--------+--------+--------+--------+-----+--------+

Top non-repeatable levels by time:
Vaults:3: 2986 daAuts
 Snake:4: 2376 daAuts
Depths:2: 2269 daAuts
 Snake:2: 2236 daAuts
     D:9: 2231 daAuts
Depths:1: 2207 daAuts
 Snake:3: 2083 daAuts
Vaults:1: 1978 daAuts
Vaults:2: 1946 daAuts
  Lair:2: 1832 daAuts
Shoals:4: 1788 daAuts
     D:4: 1574 daAuts
Shoals:3: 1561 daAuts
Shoals:2: 1442 daAuts
  Lair:5: 1396 daAuts
